 Dungeon Crawl Stone Soup version 0.21-a0-525-ga34b322 (webtiles) character file.

136647 JonSnow the Fencer (level 16, 0/144 HPs)
             Began as a Minotaur Berserker on Dec 7, 2017.
             Was a High Priest of Trog.
             Slain by a nagaraja
             ... wielding a cursed +0 dagger
              (2 damage)
             ... on level 3 of the Snake Pit on Dec 8, 2017.
             The game lasted 01:09:47 (28908 turns).

JonSnow the Fencer (Minotaur Berserker)            Turns: 28908, Time: 01:09:47

Health: 0/144      AC: 17    Str: 28    XL:     16   Next: 67%
Magic:  8/8        EV: 21    Int:  4    God:    Trog [*****.]
Gold:   576        SH:  0    Dex: 16    Spells: 15/15 levels left

rFire    . . .     SeeInvis .   a - +6 great sword "Yluekyim" {antimagic, -Tele Str+5}
rCold    . . .     Gourm    .   (shield currently unavailable)
rNeg     . . .     Faith    +   L - +0 scale mail of Parlour Games {Regen+}
rPois    +         Spirit   .   v - +2 hat {MR+}
rElec    .         Reflect  .   e - +2 cloak
rCorr    .         Harm     .   B - +2 pair of gloves
MR       ++++.     NoTele   +   H - +2 pair of boots
Stlth    +++.......             f - amulet of faith
HPRegen  1.74/turn              N - +3 ring of evasion
MPRegen  0.11/turn              X - ring of poison resistance

@: lethally poisoned (0 -> 0), regenerating, constricted
A: retaliatory headbutt, horns 2
a: Berserk, Trog's Hand, Brothers in Arms, Burn Spellbooks, Renounce Religion


You were on level 3 of the Snake Pit.
You worshipped Trog.
Trog was extremely pleased with you.
You were not hungry.

You visited 3 branches of the dungeon, and saw 24 of its levels.
You visited 1 bazaar.

You collected 1973 gold pieces.
You spent 1397 gold pieces at shops.

Inventory:

Hand Weapons
 a - the +6 great sword "Yluekyim" (weapon) {antimagic, -Tele Str+5}
   (You found it on level 3 of the Lair of Beasts)

   It reduces the magical energy of the wielder, and disrupts the spells and
   magical abilities of those hit.
   Natural abilities and divine invocations are not affected.
   It affects your strength (+5).
   It prevents most forms of teleportation.
 b - the +8 dagger of Foolhardiness {antimagic, *Corrode rPois Str+7}
   (You found it on level 2 of the Snake Pit)

   It reduces the magical energy of the wielder, and disrupts the spells and
   magical abilities of those hit.
   Natural abilities and divine invocations are not affected.
   It affects your strength (+7).
   It protects you from poison.
   It may corrode you when you take damage.
Armour
 e - a +2 cloak (worn)
 v - a +2 hat of magic resistance (worn)
 z - the +6 chain mail of Akar {Str+3 Int-4 Stlth+}
   (You bought it in a shop in a bazaar)

   It affects your strength (+3).
   It affects your intelligence (-4).
   It makes you more stealthy.
 B - a +2 pair of gloves (worn)
 H - a +2 pair of boots (worn)
 L - the +0 scale mail of Parlour Games (worn) {Regen+}
   (You bought it in a shop in a bazaar)

   It increases your rate of regeneration.
 O - the +1 ring mail of the Failed Coup {rElec Int+2 Stlth+}
   (You found it on level 13 of the Dungeon)

   It affects your intelligence (+2).
   It insulates you from electricity.
   It makes you more stealthy.
 P - the +5 leather armour "Ywnaxt" {-Tele rCorr Dex+2}
   (You found it on level 2 of the Lair of Beasts)

   It affects your dexterity (+2).
   It prevents most forms of teleportation.
   It protects you from acid and corrosion.
Jewellery
 f - an amulet of faith (around neck)
 J - a +2 ring of strength
 K - an uncursed ring of see invisible
 N - a +3 ring of evasion (left hand)
 Q - the ring "Imnuf" {rF++ rN+ MR+++ Str-3 Dex-4}
   (You found it on level 3 of the Lair of Beasts)

   [ring of positive energy]

   It affects your strength (-3).
   It affects your dexterity (-4).
   It greatly protects you from fire.
   It protects you from negative energy.
   It affects your resistance to hostile enchantments.
 R - an uncursed ring of protection from fire
 X - a ring of poison resistance (right hand)
 Y - an uncursed ring of resist corrosion
Wands
 m - a wand of clouds (2)
 p - a wand of iceblast (24)
 I - a wand of acid (20)
 V - a wand of random effects (36)
Scrolls
 d - 11 scrolls of remove curse
 g - 4 scrolls of enchant armour
 i - 15 scrolls of teleportation
 k - a scroll of summoning
 r - 4 scrolls of blinking
 s - 3 scrolls of fog
 u - 4 scrolls of fear
 y - 15 scrolls of identify
 A - 2 scrolls of magic mapping
 F - 4 scrolls of enchant weapon
 S - a scroll of immolation
 Z - a scroll of noise {unknown}
Potions
 h - 4 potions of agility
 l - 5 potions of brilliance
 n - 3 potions of mutation
 o - 2 potions of curing
 q - 2 potions of haste
 t - 3 potions of resistance
 w - 5 potions of heal wounds
 x - 2 potions of flight
 D - a potion of invisibility
 E - 3 potions of cancellation
 G - 4 potions of lignification
 M - a potion of berserk rage
 U - a potion of might
 W - a potion of magic {unknown}
Comestibles
 c - 11 bread rations
 j - 16 royal jellies
 C - 40 fruits
 T - 9 meat rations


   Skills:
 + Level 13.2 Fighting
 - Level 20.0 Long Blades
 - Level 2.4 Armour
 - Level 15.0 Dodging
 + Level 11.0 Stealth
 - Level 12.0 Evocations


You had 15 spell levels left.
You didn't know any spells.

Dungeon Overview and Level Annotations

Branches:
Dungeon (15/15)            Temple (0/1) D:4            Lair (6/6) D:10
 Shoals (0/4) Lair:3        Snake (3/4) Lair:2        Slime (0/5) Lair:6
    Orc (0/2) D:9          Vaults (0/5) D:14         Depths (0/5) D:15

Altars:
Ashenzari
Cheibriados
Dithmenos
Gozag
Hepliaklqana
Kikubaaqudgha
Makhleb
Qazlal
Ru
Sif Muna
Trog
Uskayaw
The Shining One
Beogh

Shops:
D:4 :(*   D:5 *[*[   D:9 ?}   D:12 =   D:14 !


Innate Abilities, Weirdness & Mutations

You reflexively headbutt those who attack you in melee.
You have a pair of horns on your head.


Message History

The naga completely misses you. You furiously retaliate!
You headbutt the naga!
You kill the naga!
Trog accepts your kill.
You feel sick.
Things that are here:
a glaive; 25 gold pieces; a naga corpse The nagaraja gestures at you while chanting.
The orb of energy hits you!
* * * LOW HITPOINT WARNING * * *
The orb of energy explodes!
Found an escape hatch in the floor.
You feel sick.
The nagaraja hits you with an enchanted dagger!
* * * LOW HITPOINT WARNING * * *
The nagaraja barely misses you.
You closely miss the nagaraja.
The nagaraja hits you with an enchanted dagger!
* * * LOW HITPOINT WARNING * * *
The nagaraja grabs you.
You die...

#...).....[........#**,,,,,
########.#.###!.#####...,,,,,,,
#...##.....#*#..#**#.,,***,,,**
###....#.#.#..##..##....,,,**,*,,
#........#.##.##..#.....,,,,*,*,,
#......###....##..#.....,,,,*,,,,
#....### ###..........>.,,,,,,,,,
###...## #...N#......,,,,,,,*,,
....### **#.@......>,>,,,,**,,
..### #....#....,,,,,***** ..#
####..).#,,,.,,,,,* ..#
#...)[†.##,,,,,,,** ###
#........#**,,,***
#....#.......,** ####.#....##.**
#((#....#*,* #####÷##....#*,*


You could see a nagaraja.

Vanquished Creatures
  Rupert (D:14)
  Kirke (D:13)
  Roxanne (D:14)
  Gastronok (D:8)
  4 nagarajas (Snake:3)
  Aizul (Snake:2)
  Azrael (D:12)
  7 slime creatures
  A dire elephant (D:15)
  2 fire dragons
  An ettin (Lair:6)
  An ice dragon (Lair:6)
  A great orb of eyes (Lair:1)
  4 naga warriors
  A catoblepas (D:11)
  5 centaur warriors
  7 two-headed ogres
  A satyr (Lair:4)
  8 anacondas
  3 death yaks (Lair:3)
  The ghost of lukano the Skirmisher, a novice FoBe of Trog (D:8)
  Nergalle (Lair:3)
  Urug (D:13)
  10 naga sharpshooters
  8 shock serpents
  A swamp dragon (Lair:6)
  4 skeletal warriors (D:15)
  2 unseen horrors (D:11)
  2 naga ritualists
  4 lindwurms
  An orc knight (D:13)
  4 mana vipers
  A wolf spider (D:15)
  4 deep elf magi
  A manticore (D:15)
  7 ugly things
  5 salamanders
  3 cyclopes
  An orc sorcerer (D:11)
  5 oklob plants
  Joseph (D:8)
  3 guardian serpents (Snake:3)
  20 elephants
  3 merfolk sirens (Lair:3)
  4 naga magi
  23 black mambas
  Psyche (D:8)
  5 torpor snails (Lair:6)
  4 gargoyles
  12 spiny frogs
  5 rime drakes (Lair:6)
  5 komodo dragons
  8 trolls
  A queen bee (D:12)
  3 meliai (D:12)
  4 tyrant leeches
  6 hornets
  A merfolk (Lair:3)
  9 hippogriffs
  7 dream sheep
  7 blink frogs
  36 yaks
  2 shadows
  A centaur simulacrum (D:15)
  2 wraiths
  5 wyverns
  6 hogs
  2 basilisks (Lair:6)
  3 fire elementals (D:12)
  Eustachio (D:4)
  2 hungry ghosts
  2 steam dragons (Lair:6)
  17 humans
  5 vampire mosquitoes
  Edmund (D:4)
  22 nagas
  An acid dragon (Lair:6)
  A hell hound (D:12)
  6 porcupines
  24 water moccasins
  10 orc warriors
  2 black bears
  4 phantoms
  3 ice beasts
  3 sky beasts
  3 eyes of draining
  2 necrophages
  7 ogres
  4 boggarts
  5 wolves (Lair:2)
  15 centaurs
  15 crocodiles
  A big kobold (D:11)
  14 bullfrogs
  3 scorpions
  20 killer bees
  11 wights
  9 electric eels
  A howler monkey (D:13)
  5 crimson imps
  4 centaur zombies
  2 bullfrog zombies (D:10)
  A bullfrog skeleton (D:7)
  6 hounds
  8 jellies
  12 orc priests
  5 centaur skeletons
  4 iguanas
  15 orc wizards
  4 worker ants
  2 hound zombies
  2 hound skeletons
  Robin (D:4)
  3 gnolls (D:5)
  A howler monkey skeleton (D:4)
  10 river rats (D:7)
  18 adders
  4 shadow imps
  A white imp (D:4)
  5 oozes
  An adder skeleton (D:5)
  3 leopard geckos
  56 orcs
  13 bats
  4 giant cockroaches
  16 goblins
  19 hobgoblins
  15 jackals
  10 quokkas
  5 ball pythons
  3 frilled lizards
  3 goblin skeletons (D:4)
  2 hobgoblin zombies (D:4)
  A jackal zombie (D:6)
  8 kobolds
  2 kobold skeletons (D:4)
  4 kobold zombies (D:4)
  A leopard gecko zombie (D:7)
  An orc zombie (D:4)
  20 rats
  3 plants
824 creatures vanquished.

Vanquished Creatures (collateral kills)
  A storm dragon (D:11)
  A two-headed ogre (D:11)
  The ghost of xfalz the Covert, a novice SpEn (D:7)
  A jackal (D:11)
4 creatures vanquished.

Vanquished Creatures (others)
  A bush (D:15)
  34 fungi
  31 plants
66 creatures vanquished.

Grand Total: 894 creatures vanquished

Notes
Turn   | Place    | Note
-------+----------+-------------------------------------------
     0 | D:1      | JonSnow the Minotaur Berserker began the quest for the Orb.
     0 | D:1      | Reached XP level 1. HP: 19/19 MP: 0/0
   516 | D:1      | Reached skill level 4 in Long Blades
   516 | D:1      | Reached XP level 2. HP: 27/27 MP: 1/1
   860 | D:1      | Reached XP level 3. HP: 33/33 MP: 2/2
  1328 | D:2      | Found a burning altar of Makhleb.
  1329 | D:2      | Found a snail-covered altar of Cheibriados.
  1331 | D:2      | Found a hide-covered altar of Uskayaw.
  1343 | D:2      | Reached ** piety under Trog
  1544 | D:2      | Found a bloodstained altar of Trog.
  1639 | D:2      | Found a deep blue altar of Sif Muna.
  1696 | D:2      | Reached skill level 5 in Long Blades
  1696 | D:2      | Reached XP level 4. HP: 35/41 MP: 3/3
  2197 | D:3      | Found a sacrificial altar of Ru.
  2213 | D:3      | Reached XP level 5. HP: 47/47 MP: 4/4
  2762 | D:3      | Found a shattered altar of Ashenzari.
  2888 | D:4      | Found a glowing golden altar of the Shining One.
  2896 | D:4      | Reached skill level 6 in Long Blades
  2912 | D:4      | Found Beoddav's General Store.
  2920 | D:4      | Bought a scroll of teleportation for 42 gold pieces
  2930 | D:4      | Found a stormy altar of Qazlal.
  2940 | D:4      | Found a staircase to the Ecumenical Temple.
  2950 | D:4      | Reached skill level 5 in Fighting
  2952 | D:4      | Found Minookk's Book Boutique.
  2967 | D:4      | Found Warumi's Weapon Boutique.
  2999 | D:4      | Found a hazy altar of Hepliaklqana.
  3004 | D:4      | Noticed an ogre
  3011 | D:4      | Killed an ogre
  3011 | D:4      | Reached XP level 6. HP: 56/56 MP: 5/5
  3081 | D:4      | Reached *** piety under Trog
  3240 | D:4      | Noticed Robin
  3264 | D:4      | Killed Robin
  3327 | D:4      | Noticed Eustachio
  3333 | D:4      | Killed Eustachio
  3333 | D:4      | Reached skill level 7 in Long Blades
  3333 | D:4      | Reached XP level 7. HP: 62/62 MP: 6/6
  3425 | D:4      | Noticed Edmund
  3433 | D:4      | Killed Edmund
  3492 | D:5      | Entered Level 5 of the Dungeon
  3519 | D:5      | Reached skill level 8 in Long Blades
  3519 | D:5      | Reached skill level 5 in Dodging
  3537 | D:5      | Found Ruixta Locs's Assorted Antiques.
  3539 | D:5      | Found Tuclar's Armour Shoppe.
  3539 | D:5      | Found Cyhuare's General Store.
  3542 | D:5      | Found Bampy's Antique Armour Shoppe.
  3545 | D:5      | Bought a sedimented amethyst potion for 18 gold pieces
  4215 | D:5      | Reached XP level 8. HP: 71/71 MP: 7/7
  4302 | D:5      | Got a steaming mace
  4520 | D:6      | Reached **** piety under Trog
  4520 | D:6      | Reached skill level 9 in Long Blades
  4617 | D:6      | Reached skill level 1 in Evocations
  5134 | D:6      | Reached skill level 10 in Long Blades
  5156 | D:6      | Found an opulent altar of Gozag.
  5260 | D:7      | Reached XP level 9. HP: 77/80 MP: 9/9
  5336 | D:7      | Found a shadowy altar of Dithmenos.
  5408 | D:7      | Reached ***** piety under Trog
  6004 | D:7      | Noticed xfalz's ghost (novice SpEn)
  6043 | D:7      | Killed xfalz's ghost
  6043 | D:7      | Reached skill level 11 in Long Blades
  6440 | D:8      | Received a gift from Trog
  6615 | D:8      | Noticed lukano's ghost (novice FoBe)
  6634 | D:8      | Killed lukano's ghost
  6634 | D:8      | Reached XP level 10. HP: 69/91 MP: 4/12
  6845 | D:8      | Noticed a two-headed ogre
  6853 | D:8      | Killed a two-headed ogre
  6853 | D:8      | Reached skill level 12 in Long Blades
  7009 | D:8      | Noticed Joseph
  7019 | D:8      | Killed Joseph
  7060 | D:8      | Noticed Psyche
  7064 | D:8      | Killed Psyche
  7066 | D:8      | Reached skill level 5 in Evocations
  7101 | D:8      | Noticed a two-headed ogre
  7245 | D:8      | Noticed Gastronok
  7256 | D:8      | Killed Gastronok
  7256 | D:8      | Reached skill level 10 in Fighting
  7256 | D:8      | Reached skill level 13 in Long Blades
  7613 | D:9      | Found Satez's Magic Scroll Shop.
  7659 | D:9      | Got a crystal war axe
  7667 | D:9      | Bought a scroll of enchant armour for 82 gold pieces
  7667 | D:9      | Bought a scroll of blinking for 82 gold pieces
  7667 | D:9      | Bought a scroll of fog for 22 gold pieces
  7667 | D:9      | Bought a scroll of identify for 22 gold pieces
  7667 | D:9      | Bought a scroll of identify for 22 gold pieces
  7667 | D:9      | Bought a scroll of identify for 22 gold pieces
  7667 | D:9      | Bought a scroll of identify for 22 gold pieces
  7800 | D:9      | Reached XP level 11. HP: 63/99 MP: 4/14
  8085 | D:9      | Found an ancient bone altar of Kikubaaqudgha.
  8114 | D:9      | Found a staircase to the Orcish Mines.
  8155 | D:9      | Found Jaivve's Gadget Emporium.
  8414 | D:10     | Entered Level 10 of the Dungeon
  9224 | D:10     | Found a staircase to the Lair.
  9950 | D:11     | Killed an unseen horror
 10193 | D:11     | Noticed a red ugly thing
 10207 | D:11     | Killed a red ugly thing
 10207 | D:11     | Reached skill level 14 in Long Blades
 10262 | D:11     | Noticed a five-headed hydra
 10270 | D:11     | Noticed a storm dragon
 10270 | D:11     | a six-headed hydra changed into a storm dragon
 10272 | D:11     | Killed a storm dragon
 10295 | D:11     | Noticed a two-headed ogre
 10296 | D:11     | Killed a two-headed ogre
 10507 | D:11     | Found a transporter.
 10518 | D:11     | Noticed a six-headed hydra
 10524 | D:11     | Noticed a catoblepas
 10524 | D:11     | a six-headed hydra changed into a catoblepas
 10530 | D:11     | Killed a catoblepas
 10532 | D:11     | Received a gift from Trog
 10560 | D:11     | Killed an unseen horror
 10560 | D:11     | Reached skill level 10 in Dodging
 10800 | D:11     | Reached skill level 15 in Long Blades
 11062 | D:11     | Found a roughly hewn altar of Beogh.
 11063 | D:11     | Noticed an orc sorcerer
 11064 | D:11     | Noticed a two-headed ogre
 11067 | D:11     | Noticed a two-headed ogre
 11068 | D:11     | Killed an orc sorcerer
 11070 | D:11     | Killed a two-headed ogre
 11072 | D:11     | Reached XP level 12. HP: 106/106 MP: 5/16
 11088 | D:11     | Killed a two-headed ogre
 11175 | D:11     | Found a transporter.
 11274 | Lair:1   | Entered Level 1 of the Lair of Beasts
 11276 | Lair:1   | Noticed an eight-headed hydra
 11281 | Lair:1   | Noticed a fire dragon
 11281 | Lair:1   | an eight-headed hydra changed into a fire dragon
 11290 | Lair:1   | Killed a fire dragon
 11302 | Lair:1   | Reached skill level 16 in Long Blades
 11599 | Lair:1   | Noticed an eight-headed hydra
 11601 | Lair:1   | Noticed a great orb of eyes
 11601 | Lair:1   | an eight-headed hydra changed into a great orb of eyes
 11605 | Lair:1   | Killed a great orb of eyes
 11728 | Lair:1   | Received a gift from Trog
 12223 | Lair:2   | Found a staircase to the Snake Pit.
 12253 | Lair:2   | Got a polished leather armour
 12260 | Lair:2   | Identified the +5 leather armour "Ywnaxt" {-Tele rCorr Dex+2} (You found it on level 2 of the Lair of Beasts)
 12841 | Lair:2   | Reached skill level 17 in Long Blades
 12993 | Lair:3   | Got a brightly glowing turquoise ring
 13018 | Lair:3   | Noticed Nergalle
 13023 | Lair:3   | Killed Nergalle
 13035 | Lair:3   | Noticed a seven-headed hydra
 13042 | Lair:3   | a seven-headed hydra changed into a tyrant leech
 13049 | Lair:3   | Found a staircase to the Shoals.
 13355 | Lair:3   | Got a crude great sword
 13356 | Lair:3   | Identified the +6 great sword "Yluekyim" {antimagic, -Tele Str+5} (You found it on level 3 of the Lair of Beasts)
 13358 | Lair:3   | Noticed a death yak
 13360 | Lair:3   | Noticed a death yak
 13368 | Lair:3   | Noticed a death yak
 13370 | Lair:3   | Killed a death yak
 13377 | Lair:3   | Killed a death yak
 13383 | Lair:3   | Killed a death yak
 13383 | Lair:3   | Reached XP level 13. HP: 99/113 MP: 6/18
 13778 | Lair:3   | Got a crude leather armour
 13884 | Lair:3   | Identified the +1 leather armour "Nuap" {Dex+4} (You found it on level 3 of the Lair of Beasts)
 13899 | Lair:3   | Identified the ring "Imnuf" {rF++ rN+ MR+++ Str-3 Dex-4} (You found it on level 3 of the Lair of Beasts)
 14399 | Lair:4   | Received a gift from Trog
 14462 | Lair:4   | Got a slimy trident
 14738 | Lair:4   | Got a fine mace
 15021 | Lair:4   | Reached skill level 18 in Long Blades
 15521 | Lair:4   | Got a steaming morningstar
 16202 | Lair:5   | Found a shadowy altar of Dithmenos.
 16860 | Lair:6   | Entered Level 6 of the Lair of Beasts
 16875 | Lair:6   | Received a gift from Trog
 16915 | Lair:6   | Reached skill level 19 in Long Blades
 16964 | Lair:6   | Noticed an ettin
 16964 | Lair:6   | an eight-headed hydra changed into an ettin
 16968 | Lair:6   | Killed an ettin
 16968 | Lair:6   | Reached XP level 14. HP: 81/121 MP: 6/20
 18465 | Lair:6   | Found a staircase to the Slime Pits.
 18662 | Lair:6   | Reached skill level 10 in Evocations
 18927 | Lair:6   | Found a runed door.
 19009 | Lair:6   | Received a gift from Trog
 20243 | D:12     | Noticed Azrael
 20257 | D:12     | Killed Azrael
 20257 | D:12     | Reached skill level 20 in Long Blades
 20657 | D:12     | Received a gift from Trog
 20887 | D:12     | Found Xyubb's Jewellery Shop.
 21327 | D:13     | Noticed Kirke
 21334 | D:13     | Killed Kirke
 21449 | D:13     | Reached XP level 15. HP: 118/126 MP: 7/22
 21515 | D:13     | Got a smelly ring mail
 21526 | D:13     | Identified the +1 ring mail of the Failed Coup {rElec Int+2 Stlth+} (You found it on level 13 of the Dungeon)
 21759 | D:13     | Received a gift from Trog
 22051 | D:14     | Found a gate to the Vaults.
 22051 | D:14     | Noticed Urug
 22051 | D:14     | Noticed Rupert
 22057 | D:13     | Reached skill level 1 in Stealth
 22135 | D:13     | Reached skill level 15 in Dodging
 22151 | D:14     | Reached ****** piety under Trog
 22157 | D:14     | Killed Rupert
 22171 | D:13     | Killed Urug
 22584 | D:14     | Found Ehostrayl's Distillery.
 22591 | D:14     | Reached skill level 5 in Stealth
 22662 | D:14     | Bought a potion of might for 56 gold pieces
 22816 | D:14     | Noticed Roxanne
 22852 | D:14     | Killed Roxanne
 22853 | D:14     | Identified Roxanne's Handbook of the Mountains (You took it off Roxanne on level 14 of the Dungeon)
 22856 | D:14     | Got a bone falchion
 22857 | D:14     | Identified the +7 falchion "Xiarhit" {drain, +Rage rPois} (You found it on level 14 of the Dungeon)
 23104 | D:15     | Entered Level 15 of the Dungeon
 23116 | D:15     | Received a gift from Trog
 23818 | D:15     | Found a staircase to the Depths.
 24205 | D:12     | Bought an uncursed ring of poison resistance for 300 gold pieces
 24323 | Snake:1  | Entered Level 1 of the Snake Pit
 24985 | Snake:1  | Found a frozen archway.
 25685 | Snake:2  | Reached XP level 16. HP: 136/136 MP: 8/24
 25717 | Snake:2  | Got a transparent dagger
 25745 | Snake:2  | Received a gift from Trog
 25746 | Snake:2  | Got a transparent great sword {god gift}
 25748 | Snake:2  | Identified the +2 great sword of the Moon {elec, rPois} (Trog gifted it to you on level 2 of the Snake Pit)
 25749 | Snake:2  | Identified the +8 dagger of Foolhardiness {antimagic, *Corrode rPois Str+7} (You found it on level 2 of the Snake Pit)
 27701 | Snake:2  | Reached skill level 10 in Stealth
 27709 | Snake:2  | Noticed Aizul
 27730 | Snake:2  | Killed Aizul
 28144 | Snake:3  | Found a flickering gateway to a bazaar.
 28157 | Bazaar   | Entered a bazaar
 28157 | Bazaar   | Found Tugro's Distillery.
 28157 | Bazaar   | Found Teit Haz's General Store.
 28164 | Bazaar   | Bought the +6 chain mail of Akar {Str+3 Int-4 Stlth+} for 464 gold pieces
 28174 | Bazaar   | Lost intelligence.
 28238 | Bazaar   | Found Deirai Cuhos's Gadget Boutique.
 28249 | Bazaar   | Found Geoptiurch's Antique Armour Shoppe.
 28257 | Bazaar   | Bought a faintly humming scale mail for 243 gold pieces
 28267 | Bazaar   | Identified the +0 scale mail of Parlour Games {Regen+} (You bought it in a shop in a bazaar)
 28267 | Bazaar   | Found Seopn's Antique Weapon Shoppe.
 28514 | Snake:3  | Received a gift from Trog
 28908 | Snake:3  | HP: 2/144 [nagaraja/enchanted dagger (13)]
 28908 | Snake:3  | Slain by a nagaraja

Vault maps used:
D:1:      dpeg_arrival_refuge
D:2:      kennysheep_the_goblin_king, nicolae_overflow_crystal_walls,
          grunt_temple_overflow_open, lemuel_blue_sif_altar, hex_medium,
          corexii_leaking_fountain
D:3:      lemuel_crystal_altar, nicolae_overflow_hidden_temple,
          hangedman_ru_absence
D:4:      nicolae_tso_besieged_by_evil, lemuel_crystal_altar,
          kennysheep_little_box, temple_pool_b, serial_shops,
          nicolae_shop_waterfront, shop, shop, uniq_robin, uniq_edmund,
          uniq_eustachio
D:5:      first_bread, minmay_shop_grid_forest
D:6:      kennysheep_mini
D:7:      lemuel_ratsnest, grunt_dithmenos_shadows, dk_vineyard_1,
          minmay_misc_feat_nine_boxes
D:8:      kennysheep_nondescript, uniq_psyche, uniq_gastronok, uniq_joseph
D:9:      lemuel_doored_altar, orc_0_dummy, serial_shops, shop, shop
D:10:     cheibrodos_two_vegetables, lair_entry_dummy, serial_bayou_lagoon_a
D:11:     gammafunk_beogh_shrine
D:12:     serial_shops, shop, grunt_livestock, uniq_azrael
D:13:     lemuel_flame_loot_2, minmay_misc_feat_iff, uniq_kirke
D:14:     david_vaults_3, minmay_staircase_windowed_large, serial_shops, shop,
          uniq_roxanne
D:15:     hangedman_depths_entry_try_elsewhere_first, minmay_hedge_maze,
          st_stairs_8
Lair:1:   infiniplex_staircase_pool_2
Lair:2:   minmay_snake_entry_six_corridors, infiniplex_staircase_pool,
          serial_bayou_shore_b
Lair:3:   elwin_shoals_entry_stream, uniq_nergalle
Lair:4:   cheibrodos_lair_overgrown_chateau, grunt_megastairs_4,
          minmay_lair_oklob_chamber
Lair:5:   basic_altar, lemuel_fruit_fields, lemuel_fruit_tree
Lair:6:   wormcave, guppyfry_lair_end_dragon, nicolae_slime_entry_slimehenge,
          roderic_batcave
Snake:1:  portal_ice_cave_entry_pillars_2
Snake:2:  minmay_snake_river, uniq_aizul
Snake:3:  nicolae_aizul_guard, serial_shops, bzr_entry_water, grunt_megastairs_5
Bazaar:   bazaar_lake

Skill      XL: |  1  2  3  4  5  6  7  8  9 10 11 12 13 14 15 16 |
---------------+-------------------------------------------------+-----
Long Blades    | 4 5 6 7 8 10 11 13 15 17 19 20 | 20.0
Fighting       | 4 5 6 7 9 10 13 | 13.2
Dodging        | 3 4 5 6 7 9 10 12 13 14 15 | 15.0
Evocations     | 2 4 5 7 8 9 11 12 | 12.0
Stealth        | 9 11 | 11.0
Armour         | |  2.4

Action                   |  1- 3 |  4- 6 |  7- 9 | 10-12 | 13-15 | 16-18 || total
-------------------------+-------+-------+-------+-------+-------+-------++-------
Melee: Falchion          |    71 |   153 |   109 |       |       |       ||   333
       Headbutt          |     9 |    35 |    77 |   108 |   307 |    81 ||   617
       Scimitar          |       |       |   166 |       |       |       ||   166
       Great sword       |       |       |    19 |   401 |   862 |   258 ||  1540
Invok: Berserk           |       |     3 |     8 |    13 |    10 |     3 ||    37
       Trog's Hand       |       |       |     1 |     3 |     7 |     4 ||    15
       Brothers in Arms  |       |       |     1 |     1 |       |       ||     2
Evoke: Wand              |       |       |       |     9 |    10 |       ||    19
  Use: Scroll            |       |       |    12 |    12 |    11 |     1 ||    36
       Potion            |       |       |     3 |     1 |     5 |     1 ||    10
 Stab: Sleeping          |     2 |       |       |     1 |    10 |     1 ||    14
       Distracted        |       |       |       |     1 |     2 |     1 ||     4
  Eat: Chunk             |     2 |     8 |    19 |    25 |    31 |     7 ||    92
       Bread ration      |       |       |       |     2 |     2 |       ||     4
       Royal jelly       |       |       |       |     1 |     7 |     1 ||     9
       Meat ration       |       |       |       |       |       |     1 ||     1
Armor: Animal skin       |    10 |       |       |       |       |       ||    10
       Chain mail        |    30 |   104 |    10 |    38 |       |       ||   182
       Ice dragon scales |       |       |   104 |   170 |       |       ||   274
       Leather armour    |       |       |       |    21 |   116 |       ||   137
       Ring mail         |       |       |       |       |    46 |    34 ||    80
       Scale mail        |       |       |       |       |       |    22 ||    22
Dodge: Dodged            |    39 |    76 |   139 |   264 |   780 |   235 ||  1533
       Rpst.: Falchion   |    13 |    14 |    11 |       |       |       ||    38
       Scimitar          |       |       |    23 |       |       |       ||    23
       Great sword       |       |       |     3 |    59 |   195 |    42 ||   299

Table legend:
 A = Spawn XP
 B = Non-spawn XP
 C = Spawn XP percentage of total XP
 D = Spawn monster count
 E = Non-spawn monster count
 F = Spawn count percentage of total count
 G = Total turns spent on level
                    A         B        C        D         E        F      G
               +---------+---------+-------+---------+---------+-------+---------
         Total |       0 |  195210 |   0.0 |       0 |     825 |   0.0 | 28908
               +---------+---------+-------+---------+---------+-------+---------
           D:1 |       0 |      46 |   0.0 |       0 |      19 |   0.0 |  1102
           D:2 |       0 |     114 |   0.0 |       0 |      27 |   0.0 |  1089
           D:3 |       0 |     121 |   0.0 |       0 |      21 |   0.0 |   695
           D:4 |       0 |     682 |   0.0 |       0 |      37 |   0.0 |   606
           D:5 |       0 |     590 |   0.0 |       0 |      14 |   0.0 |   933
           D:6 |       0 |     952 |   0.0 |       0 |      26 |   0.0 |   805
           D:7 |       0 |    1580 |   0.0 |       0 |      57 |   0.0 |  1245
           D:8 |       0 |    6479 |   0.0 |       0 |      27 |   0.0 |  1138
           D:9 |       0 |    1001 |   0.0 |       0 |      16 |   0.0 |   801
          D:10 |       0 |    1545 |   0.0 |       0 |      32 |   0.0 |  1571
          D:11 |       0 |   11010 |   0.0 |       0 |      48 |   0.0 |  1465
          D:12 |       0 |   13037 |   0.0 |       0 |      71 |   0.0 |   935
          D:13 |       0 |   14435 |   0.0 |       0 |      52 |   0.0 |  1198
          D:14 |       0 |   18346 |   0.0 |       0 |      52 |   0.0 |   725
          D:15 |       0 |    9575 |   0.0 |       0 |      25 |   0.0 |  1056
        Lair:1 |       0 |    4403 |   0.0 |       0 |      16 |   0.0 |   907
        Lair:2 |       0 |    4656 |   0.0 |       0 |      26 |   0.0 |   847
        Lair:3 |       0 |    6106 |   0.0 |       0 |      12 |   0.0 |  1073
        Lair:4 |       0 |    9257 |   0.0 |       0 |      33 |   0.0 |  2194
        Lair:5 |       0 |    9282 |   0.0 |       0 |      26 |   0.0 |   672
        Lair:6 |       0 |   25673 |   0.0 |       0 |      87 |   0.0 |  3266
       Snake:1 |       0 |   13378 |   0.0 |       0 |      25 |   0.0 |  1918
       Snake:2 |       0 |   19803 |   0.0 |       0 |      42 |   0.0 |  1663
       Snake:3 |       0 |   23139 |   0.0 |       0 |      34 |   0.0 |   866
               +---------+---------+-------+---------+---------+-------+---------
